 Dungeon Crawl Stone Soup version 0.14-a0-817-g3f7b0b1 (webtiles) character file.

972 Malachi the Firebug (level 7, 0/54 HPs)
             Began as a Djinni Fire Elementalist on Nov 12, 2013.
             Was an Initiate of Okawaru.
             Slain by a sky beast (5 damage)
             ... on Level 6 of the Dungeon.
             The game lasted 00:11:50 (6827 turns).

Malachi the Firebug (Djinni Fire Elementalist)      Turns: 6827, Time: 00:11:51

HP   0/54        AC  4     Str  9      XL: 7   Next: 68%
MP   0/0         EV 14     Int 17      God: Okawaru [......]
Gold 125         SH  0     Dex 13      Spells:  3 memorised,  3 levels left

Res.Fire  : + + +   See Invis. : .   e - +0,+1 whip (freeze)
Res.Cold  : x . .   Warding    : .   a - +0 robe
Life Prot.: + + +   Conserve   : .   (no shield)
Res.Poison: .       Res.Corr.  : .   j - +1 helmet
Res.Elec. : .       Clarity    : .   (no cloak)
Sust.Abil.: . .     Spirit.Shd : .   (no gloves)
Res.Mut.  : .       Stasis     : .   (boots unavailable)
Res.Rott. : .       Flight     : +   (no amulet)
Saprovore : . . .                    (no ring)
                                     l - ring of sustenance

@: flying, very slightly contaminated, slightly resistant to hostile
enchantments, fairly stealthy
A: fire immunity, cold vulnerability, life protection 3
a: Renounce Religion


You were on level 6 of the Dungeon.
You worshipped Okawaru.
Okawaru was noncommittal.
You were not hungry.

You visited 2 branches of the dungeon, and saw 8 of its levels.

You collected 125 gold pieces.

Inventory:

Hand weapons
 e - a +0,+1 whip of freezing (weapon)
 i - a +2,+1 mace of protection
Armour
 a - a +0 robe (worn)
 j - a +1 helmet (worn)
Magical devices
 u - a wand of confusion (12) {unknown}
 w - a wand of flame (17) {unknown}
Scrolls
 d - 3 scrolls of fear
 h - 3 scrolls of remove curse
 k - 2 scrolls of identify
 n - a scroll of enchant weapon II {unknown}
 p - a scroll of teleportation
Jewellery
 l - a ring of sustenance (left hand)
Potions
 g - 6 potions of heal wounds
 m - a potion of restore abilities {unknown}
 o - 3 potions of agility
 q - 2 potions of curing
 r - 2 potions of speed {unknown}
 s - a potion of magic {unknown}
 t - a potion of cure mutation {unknown}
 v - a potion of mutation {unknown}
 x - a potion of porridge {unknown}
 z - a potion of might {unknown}
 A - 2 potions of confusion {unknown}
Books
 b - a book of Flames

   Spells                             Type                      Level
   *Flame Tongue                      Conjuration/Fire             1
   Throw Flame                        Conjuration/Fire             2
   *Conjure Flame                     Conjuration/Fire             3
   *Inner Flame                       Hexes/Fire                   3
   Sticky Flame                       Conjuration/Fire             4
   Fireball                           Conjuration/Fire             5
 c - a book of Changes

   Spells                             Type                      Level
   Beastly Appendage                  Transmutation                1
   Sticks to Snakes                   Transmutation                2
   Spider Form                        Transmutation/Poison         3
   Ice Form                           Ice/Transmutation            4
   Blade Hands                        Transmutation                5
 f - a book of Fire

   Spells                             Type                      Level
   Fire Brand                         Charms/Fire                  2
   Ignite Poison                      Fire/Transmutation           5
   Fireball                           Conjuration/Fire             5
   Bolt of Fire                       Conjuration/Fire             6
   Delayed Fireball                   Conjuration/Fire             7
   Ring of Flames                     Charms/Fire                  7


   Skills:
 + Level 1.9 Fighting
 + Level 3.4 Maces & Flails
 + Level 5.1 Dodging
 + Level 2.5 Stealth
 + Level 2.0 Spellcasting
 + Level 1.7 Conjurations
 + Level 0.8 Hexes
 * Level 6.7 Fire Magic


You had 3 spell levels left.
You knew the following spells:

 Your Spells              Type           Power        Failure   Level  Hunger
a - Flame Tongue          Conj/Fire      ###..        3%          1    #......
b - Inner Flame           Hex/Fire       ##......     14%         3    ####...
c - Conjure Flame         Conj/Fire      ###.....     12%         3    ####...


Dungeon Overview and Level Annotations

Branches:
Dungeon (7/27)             Temple (1/1) D:5
    Orc: D:6-11

Altars:
Ashenzari
Cheibriados
Elyvilon
Fedhas
Kikubaaqudgha
Makhleb
Nemelex Xobeh
Okawaru
Sif Muna
Trog
Vehumet
Xom
Yredelemnul
Zin
the Shining One

Annotations:
D:3 Malachi's ghost, average DjFi


Innate Abilities, Weirdness & Mutations

You are immune to all types of fire, even holy and hellish.
You are vulnerable to cold.
You need no food.
You have no legs.
You are immune to negative energy.


Message History

The sky beast is heavily wounded.
The sky beast hits you but does no damage.
You hit the sky beast. You freeze the sky beast.
The sky beast is heavily wounded.
The sky beast hits you.
* * * LOW HITPOINT WARNING * * *
The sky beast shocks you!
* * * LOW HITPOINT WARNING * * *
Casting: Flame Tongue
Confirm with . or Enter, or press ? or * to list all spells.
Aiming: Flame Tongue
Press: ? - help, Shift-Dir - straight line, f - sky beast
Aim: a sky beast (heavily wounded)
The flame hits the sky beast.
The sky beast is almost dead.
You are very lightly contaminated with residual magic.
The sky beast hits you.
* * * LOW HITPOINT WARNING * * *
The sky beast shocks you.
You die...

#.. #.# #.# #.# #.#
#.# #.# #.# #.# #.#
###.### #.# #...@.#
#.# #.###I#######.#
#.# #.....>##.#######
#># #.####.##.##.....
#.....##...##.##.####
#######..........####
#.....#.......#
#.....######..<
#.....# #..#


You could see a sky beast.

Vanquished Creatures
  A necrophage (D:5)
  2 ogres
  A crimson imp (D:5)
  A jelly (D:5)
  A hound (D:4)
  An orc priest (D:3)
  A giant frog skeleton (D:4)
  An iguana (D:6)
  2 orc wizards
  3 worker ants
  A hound skeleton (D:4)
  5 adders
  4 gnolls (D:5)
  4 worms
  2 adder zombies (D:5)
  A giant eyeball (D:5)
  7 giant geckos
  2 oozes
  17 orcs
  A ball python (D:1)
  A bat skeleton (D:4)
  5 giant cockroaches
  13 hobgoblins
  8 jackals
  15 kobolds
  A quokka (D:2)
  9 bats
  5 giant newts
  15 goblins
  A goblin zombie (D:5)
  A kobold skeleton (D:4)
  8 rats
140 creatures vanquished.

Notes
Turn   | Place    | Note
--------------------------------------------------------------
     0 | D:1      | Malachi, the Djinni Fire Elementalist, began the quest for the Orb.
     0 | D:1      | Reached XP level 1. HP: 14/14 MP: 0/0
   385 | D:1      | Reached XP level 2. EP: 15/21
  1250 | D:2      | Reached XP level 3. EP: 15/27
  1499 | D:2      | Reached skill level 5 in Fire Magic
  2133 | D:2      | Found a radiant altar of Vehumet.
  2138 | D:2      | Found a bloodstained altar of Trog.
  2145 | D:2      | Found a glowing silver altar of Zin.
  2150 | D:2      | Found a blossoming altar of Fedhas.
  2161 | D:2      | Found an ancient bone altar of Kikubaaqudgha.
  2168 | D:2      | Found a white marble altar of Elyvilon.
  2173 | D:2      | Found a shimmering altar of Xom.
  2245 | D:2      | Reached skill level 1 in Maces & Flails
  2438 | D:3      | Reached XP level 4. EP: 11/34
  2868 | D:3      | Reached XP level 5. EP: 20/40
  3119 | D:3      | Learned a level 3 spell: Inner Flame
  3123 | D:3      | Learned a level 3 spell: Conjure Flame
  3160 | D:3      | Noticed Malachi's ghost (average DjFi)
  3855 | D:4      | Reached skill level 1 in Fighting
  3855 | D:4      | Reached XP level 6. EP: 42/46
  4316 | D:5      | Entered Level 5 of the Dungeon
  4316 | D:5      | Noticed a necrophage
  4332 | D:5      | Killed a necrophage
  4332 | D:5      | Reached skill level 6 in Fire Magic
  4701 | D:5      | Found a staircase to the Ecumenical Temple.
  4737 | Temple   | Entered the Ecumenical Temple
  4803 | Temple   | Became a worshipper of Warmaster Okawaru
  5108 | D:5      | Reached XP level 7. EP: 5/54
  5363 | D:5      | Found a deep blue altar of Sif Muna.
  5400 | D:5      | Paralysed by a giant eyeball for 3 turns
  6577 | D:6      | Reached skill level 5 in Dodging
  6827 | D:6      | Slain by a sky beast

Action                   |  1- 3 |  4- 6 |  7- 9 || total
-------------------------+-------+-------+-------++-------
Melee: Unarmed           |     2 |       |       ||     2
       Mace              |   118 |   153 |       ||   271
       Whip              |       |   147 |    95 ||   242
 Cast: Flame Tongue      |    24 |     7 |    19 ||    50
       Inner Flame       |       |     4 |       ||     4
  Use: Scroll            |       |    13 |       ||    13
       Potion            |       |     1 |     1 ||     2
 Stab: Sleeping          |     2 |     1 |     2 ||     5
       Distracted        |       |     1 |       ||     1
